 Dungeon Crawl Stone Soup version 0.21.1-1-g345015f (webtiles) character file.

157 doot the Ducker (level 5, 0/38 HPs)
             Began as a Merfolk Transmuter on June 12, 2018.
             Was an Initiate of Sif Muna.
             Fell down a flight of stairs (1 damage)
             ... on level 3 of the Dungeon.
             The game lasted 00:08:27 (3037 turns).

doot the Ducker (Merfolk Transmuter)                Turns: 3037, Time: 00:08:28

Health: 0/38       AC:  2    Str: 15    XL:     5   Next: 38%
Magic:  8/8        EV: 14    Int: 18    God:    Sif Muna [......]
Gold:   176        SH:  0    Dex: 14    Spells: 0/9 levels left

rFire    . . .     SeeInvis .   e - +0 spear
rCold    . . .     Gourm    .   (no shield)
rNeg     . . .     Faith    .   b - +0 robe
rPois    .         Spirit   .   (no helmet)
rElec    .         Reflect  .   (no cloak)
rCorr    +         Harm     .   (no gloves)
MR       .....                  (no boots)
Stlth    +.........             (no amulet)
HPRegen  0.12/turn              j - ring of resist corrosion
MPRegen  0.11/turn              l - +4 ring of strength

@: confused, brilliant
A: change form in water, swift swim, stealthy swim
a: Renounce Religion


You were on level 3 of the Dungeon.
You worshipped Sif Muna.
Sif Muna was noncommittal.
You were not hungry.

You visited 1 branch of the dungeon, and saw 3 of its levels.

You collected 176 gold pieces.

Inventory:

Hand Weapons
 e - a +0 spear (weapon)
Missiles
 a - 48 arrows
Armour
 b - a +0 robe (worn)
Jewellery
 g - an uncursed ring of positive energy
 j - a ring of resist corrosion (left hand)
 l - a +4 ring of strength (right hand)
Scrolls
 i - 4 scrolls of identify {unknown}
 m - a scroll of noise {unknown}
Potions
 f - a potion of haste {unknown}
 k - 2 potions of resistance
 o - a potion of flight {unknown}
Books
 c - a book of Changes

   Spells                             Type                      Level
   a - Beastly Appendage              Transmutation                1
   b - Sticks to Snakes               Transmutation                2
   c - Spider Form                    Transmutation/Poison         3
   d - Ice Form                       Ice/Transmutation            4
   e - Blade Hands                    Transmutation                5
Comestibles
 d - 5 rations
 h - a chunk of flesh


   Skills:
 + Level 2.2 Fighting
 + Level 3.0 Polearms
 + Level 3.9 Dodging
 + Level 1.4 Stealth
 + Level 3.8 Unarmed Combat
 + Level 2.5 Spellcasting
 + Level 3.4 Transmutations


You couldn't memorise any spells.
You knew the following spells:

 Your Spells              Type           Power        Failure   Level  Hunger
a - Beastly Appendage     Tmut           ####..       1%          1    #......
b - Spider Form           Tmut/Pois      ###.......   3%          3    ###....
c - Blade Hands           Tmut           ####......   13%         5    ######.


Dungeon Overview and Level Annotations

Branches:
Dungeon (3/15)

Altars:
Sif Muna


Message History

The orc priest begins to cast a cantrip, but forgets the words!
The orc priest invokes the aid of Beogh against you.
Beogh smites you!
* * * LOW HITPOINT WARNING * * *
The orc priest calls down the wrath of Beogh upon you.
Beogh smites you!
* * * LOW HITPOINT WARNING * * *
There is a stone staircase leading up here.
Okay, then.
Unknown command.
It was a potion of brilliance.
You feel clever all of a sudden. The orc closely misses you.
The orc misses you.
You hear some strange, mumbled words.
You are confused.
The orc barely misses you.
The kobold throws a stone.
The stone hits you but does no damage.
In your confused state, you trip and fall back down the stairs.
You die...

.........!.####..
.................
..........#######
#.........######
#.........K....###..
#.........#.>.......
.........o..o..####
.........<...o.#
.............@.#
...#######...).###
... ####......###.
#.............
#.........####
#.........#
###########


You could see an orc priest, 2 orcs and a kobold.

Vanquished Creatures
  3 gnolls (D:2)
  8 adders
  A worm (D:2)
  2 dart slugs (D:1)
  A leopard gecko (D:1)
  A ball python (D:1)
  7 bats
  3 giant cockroaches
  5 goblins
  6 hobgoblins
  6 kobolds
  5 frilled lizards
  6 rats
54 creatures vanquished.

Notes
Turn   | Place    | Note
-------+----------+-------------------------------------------
     0 | D:1      | doot the Merfolk Transmuter began the quest for the Orb.
     0 | D:1      | Reached XP level 1. HP: 15/15 MP: 3/3
   215 | D:1      | Reached XP level 2. HP: 20/21 MP: 5/5
   611 | D:1      | Reached XP level 3. HP: 23/26 MP: 4/6
   643 | D:1      | Learned a level 3 spell: Spider Form
  1109 | D:1      | You fall through a shaft!
  1132 | D:2      | Reached skill level 1 in Polearms
  1629 | D:2      | Reached XP level 4. HP: 28/33 MP: 5/7
  2298 | D:2      | Reached skill level 1 in Stealth
  2474 | D:2      | Reached XP level 5. HP: 38/38 MP: 6/8
  2706 | D:2      | Learned a level 5 spell: Blade Hands
  2840 | D:2      | Found a deep blue altar of Sif Muna.
  2847 | D:2      | Became a worshipper of Sif Muna the Loreminder
  3033 | D:3      | HP: 1/38 [orc priest/divine providence (11)]
  3037 | D:3      | Fell down a flight of stairs

Skill      XL: |  1  2  3  4  5 |
---------------+----------------+-----
Dodging        | 3 |  3.9
Polearms       | 1 2 3 |  3.0
Transmutations | 3 |  3.4
Fighting       | 2 |  2.2
Stealth        | 1 |  1.4
Unarmed Combat | |  3.8
Spellcasting   | |  2.5

Action                   |  1- 3 |  4- 6 || total
-------------------------+-------+-------++-------
Melee: Spear             |   118 |   102 ||   220
       Headbutt          |    14 |    12 ||    26
       Unarmed           |     2 |       ||     2
       Punch             |     2 |       ||     2
 Cast: Beastly Appendage |    18 |    11 ||    29
  Use: Potion            |       |     2 ||     2
 Stab: Sleeping          |     3 |     3 ||     6
  Eat: Chunk             |     3 |     5 ||     8
Armor: Robe              |    22 |    12 ||    34
Dodge: Dodged            |    72 |    59 ||   131
